AoeStats
← ZamSerg

Arena

507951444Analyzed
4v4 RM · 11d ago on Sep 20, 2026· 42m 52s· 8 players
Game mode
Random Map
Map size
Large (8 player)
Population
200
Speed
Normal
Resources
Standard
Victory
Conquest
Starting age
Dark Age
Ending age
Imperial Age
RankedLock teamsTeams togetherTeam positionsShared explorationLock speedFull tech treeHidden civsTurbo modeCheats
Victory
Defeat
🇨🇿 Slavs · Czechia
1254
+12
🇷🇺 Persians · Russia
1231
+13
🇷🇺 Hindustanis · Russia
1211
+14
🇵🇱 Ethiopians · Poland
1178
+15
🇨🇳 Franks · China
1257
-17
🇨🇳 Khmer · China
1184
-14
🇲🇽 Huns · Mexico
1129
-12
🇸🇪 Byzantines · Sweden
1089
-11
David Gilmour
9:41 Feudal Age
11:04 Loom
13:20 Castle Age
11:43 Double-Bit Axe
12:03 Horse Collar
14:26 Bow Saw
14:56 Heavy Plow
18:21 Loom
18:22 Town Watch
19:20 Wheelbarrow
20:44 Hand Cart
20:49 Town Watch
24:52 Crossbowman
28:10 Imperial Age
25:45 Fletching
25:56 Padded Archer Armor
26:26 Elite Skirmisher
28:03 Thumb Ring
28:23 Ballistics
28:13 Bodkin Arrow
28:22 Arbalester
29:03 Bracer
30:42 Chemistry
30:41 Leather Archer Armor
31:19 Siege Engineers
32:17 Gold Mining
32:19 Stone Mining
33:31 Two-Man Saw
32:53 Masonry
33:28 Conscription
34:08 Gold Shaft Mining
34:08 Stone Shaft Mining
35:27 Architecture
35:15 Town Patrol
35:51 Ring Archer Armor
37:28 Torsion Engines
DrdlisCZ
10:18 Feudal Age
14:23 Castle Age
12:31 Double-Bit Axe
12:52 Horse Collar
15:41 Bow Saw
21:57 Wheelbarrow
21:48 Heavy Plow
24:24 Hand Cart
27:53 Imperial Age
25:34 Loom
26:08 Gold Mining
28:05 Gold Shaft Mining
28:37 Ballistics
28:35 Masonry
28:35 Onager
29:32 Forging
29:22 Scale Mail Armor
30:29 Conscription
31:04 Stone Mining
30:41 Pikeman
31:21 Squires
31:27 Siege Onager
32:44 Detinets
32:36 Halberdier
33:53 Iron Casting
34:18 Chain Mail Armor
34:17 Fletching
34:51 Ballistics
34:40 Siege Engineers
35:36 Chemistry
37:10 Blast Furnace
36:41 Plate Mail Armor
36:07 Bodkin Arrow
36:36 Ballistics
40:48 Two-Man Saw
40:23 Crop Rotation
ZamSerg
10:19 Feudal Age
14:05 Castle Age
12:33 Double-Bit Axe
15:28 Bow Saw
16:00 Loom
18:46 Horse Collar
22:24 Wheelbarrow
21:35 Town Watch
24:10 Gold Mining
24:13 Stone Mining
26:12 Hand Cart
25:44 Town Watch
26:43 Gold Shaft Mining
26:37 Heavy Plow
27:47 Stone Shaft Mining
30:59 Imperial Age
28:55 Husbandry
29:06 Bloodlines
29:05 Scale Barding Armor
30:49 Chain Barding Armor
30:40 Forging
30:28 Murder Holes
30:44 Masonry
30:45 Cavalier
32:13 Conscription
32:01 Fletching
32:48 Plate Barding Armor
32:18 Light Cavalry
33:14 Savar
34:23 Hussar
37:26 Bodkin Arrow
38:06 Iron Casting
40:24 Blast Furnace
Gas
9:30 Feudal Age
11:40 Loom
14:37 Castle Age
12:31 Horse Collar
12:57 Double-Bit Axe
15:58 Bow Saw
17:22 Squires
16:43 Pikeman
19:54 Gold Mining
19:56 Stone Mining
20:52 Town Watch
24:08 Wheelbarrow
25:34 Gold Shaft Mining
25:35 Stone Shaft Mining
26:02 Hand Cart
29:54 Imperial Age
28:00 Ballistics
27:36 Murder Holes
28:15 Scale Barding Armor
28:01 Fletching
28:11 Arson
28:53 Grand Trunk Road
29:37 Chain Barding Armor
29:19 Padded Archer Armor
29:46 Bodkin Arrow
30:02 Forging
30:31 Heavy Plow
31:58 Chemistry
31:34 Conscription
31:50 Bloodlines
31:42 Husbandry
33:15 Two-Man Saw
33:02 Plate Barding Armor
31:59 Heavy Camel Rider
33:43 Iron Casting
33:08 Scale Mail Armor
34:09 Bracer
36:24 Siege Engineers
36:04 Imperial Camel Rider
37:31 Light Cavalry
38:25 Hussar
40:02 Hoardings
40:03 Shatagni
40:19 Bracer
42:36 Blast Furnace
41:52 Leather Archer Armor
41:38 Scale Mail Armor
42:52 Siege Elephant
preCoss
11:14 Feudal Age
12:22 Loom
15:20 Castle Age
14:03 Double-Bit Axe
15:58 Fletching
18:15 Bow Saw
20:19 Bodkin Arrow
20:54 Gold Mining
22:11 Bloodlines
22:43 Padded Archer Armor
23:40 Gold Shaft Mining
26:17 Wheelbarrow
26:50 Husbandry
27:26 Ballistics
28:26 Leather Archer Armor
29:29 Thumb Ring
31:03 Horse Collar
34:19 Imperial Age
32:09 Heavy Plow
32:57 Stone Mining
35:27 Parthian Tactics
羊了个羊
10:26 Feudal Age
12:36 Loom
14:52 Castle Age
12:51 Double-Bit Axe
20:40 Bow Saw
21:52 Wheelbarrow
21:21 Stone Mining
24:35 Hand Cart
24:14 Gold Mining
26:17 Gold Shaft Mining
29:18 Imperial Age
27:34 Forging
27:25 Scale Mail Armor
28:15 Pikeman
28:55 Squires
29:13 Chain Mail Armor
29:33 Iron Casting
29:36 Arson
30:18 Halberdier
32:22 Conscription
32:23 Gambesons
32:53 Husbandry
32:14 Cavalier
34:00 Plate Mail Armor
34:31 Blast Furnace
33:38 Scale Barding Armor
34:32 Paladin
38:18 Chain Barding Armor
39:43 Chemistry
39:04 Ballistics
38:36 Fletching
39:34 Bodkin Arrow
40:22 Plate Barding Armor
Goatbutt
10:35 Feudal Age
15:03 Castle Age
13:03 Double-Bit Axe
12:59 Horse Collar
13:25 Loom
17:08 Bow Saw
16:59 Heavy Plow
17:12 Heavy Plow
26:50 Wheelbarrow
29:29 Imperial Age
27:09 Pikeman
27:49 Scale Mail Armor
28:00 Forging
27:30 Elite Skirmisher
28:12 Padded Archer Armor
29:38 Ballistics
29:29 Fletching
29:52 Thumb Ring
30:33 Hand Cart
30:49 Conscription
31:27 Chain Mail Armor
31:47 Iron Casting
32:24 Iron Casting
33:23 Chemistry
33:50 Two-Man Saw
33:49 Crop Rotation
33:13 Gold Mining
33:26 Halberdier
34:53 Plate Mail Armor
41:42 Leather Archer Armor
Rod1990
9:56 Feudal Age
10:29 Double-Bit Axe
11:07 Horse Collar
13:06 Loom
15:29 Castle Age
15:43 Wheelbarrow
15:09 Gold Mining
17:07 Bow Saw
17:56 Heavy Plow
28:50 Imperial Age
26:37 Hand Cart
26:37 Stone Mining
26:50 Town Watch
28:45 Gold Shaft Mining
28:47 Stone Shaft Mining
28:19 Scale Barding Armor
29:47 Chain Barding Armor
29:37 Forging
30:19 Conscription
31:25 Siege Engineers
32:11 Light Cavalry
33:02 Bloodlines
32:52 Husbandry
33:12 Hussar
36:09 Ballistics
37:31 Chemistry
Connection lost

Rejoining the realm…

Still unreachable

The connection could not be restored.

Session expired

The server has moved on; the page needs a fresh start.